HSSL
FORT WORTH HS TURKEYS @ RANDALL HS RAIDERS
04/20/2029
 
TOP OF THE 1ST
Fort Worth HS Turkeys batting - Pitching for Randall HS Raiders : RHP Eric Hartley
Pitching: RHP Eric Hartley
Batting: RHB Terry McRa 0-0: Ball
1-0: Ball
2-0: SINGLE (Groundball, 3S) (infield hit)
Batting: LHB Theodore Wilkerson 0-0: Foul Ball, location: 2F
0-1: Called Strike
0-2: SINGLE (Line Drive, 34D)
Terry McRa to second
Batting: LHB Francisco Madraso 0-0: Foul Ball, location: 2F
0-1: Ball
1-1: Called Strike
1-2: Foul Ball, location: 2F
1-2: Foul Ball, location: 2F
1-2: Foul Ball, location: 2F
1-2: Ball
2-2: Ball
3-2: Foul Ball, location: 2F
3-2: Strikes out swinging
Batting: LHB Fernando García 0-0: Called Strike
0-1: Ball
1-1: Ball
2-1: Ground out 3-1 (Groundball, 34D)
Terry McRa to third
Theodore Wilkerson to second
Batting: RHB Tristan Vincent 0-0: Called Strike
0-1: Ball
1-1: Swinging Strike
1-2: Strikes out swinging
Top of the 1st over - 0 runs, 2 hits, 0 errors, 2 left on base; Fort Worth HS 0 - Randall HS 0
BOTTOM OF THE 1ST
Randall HS Raiders batting - Pitching for Fort Worth HS Turkeys : RHP Mark García
Pitching: RHP Mark García
Batting: LHB José Gonzáles 0-0: Ball
1-0: Called Strike
1-1: Ball
2-1: SOLO HOME RUN (Flyball, 89XD), Distance : 411 ft
Batting: LHB Buddy Jones 0-0: Ball
1-0: Ball
2-0: Foul Ball, location: 2F
2-1: Called Strike
2-2: Strikes out swinging
Batting: LHB Robert Wright 0-0: Called Strike
0-1: Swinging Strike
0-2: Ball
1-2: Strikes out swinging
Batting: RHB John Zhu 0-0: Ball
1-0: Swinging Strike
1-1: Foul Ball, location: 2F
1-2: Foul Ball, location: 2F
1-2: Foul Ball, location: 2F
1-2: Foul Ball, location: 2F
1-2: Ball
2-2: Foul Ball, location: 2F
2-2: Ball
3-2: Base on Balls
Batting: RHB Tony Burhoe 0-0: Foul Ball, location: 2F
0-1: Ball
1-1: Ball
2-1: Ball
3-1: Base on Balls
John Zhu to second
Batting: RHB Cory Douglas 0-0: Fly out, F6 (Line Drive, 6)
Bottom of the 1st over - 1 run, 1 hit, 0 errors, 2 left on base; Fort Worth HS 0 - Randall HS 1
TOP OF THE 2ND
Fort Worth HS Turkeys batting - Pitching for Randall HS Raiders : RHP Eric Hartley
Batting: RHB Denny Dennis 0-0: Called Strike
0-1: Called Strike
0-2: Ball
1-2: Strikes out looking
Batting: SHB Rick Cochran 0-0: Ball
1-0: Fly out, F5 (Line Drive, 56)
Batting: RHB Mike Casey 0-0: Ball
1-0: Called Strike
1-1: Foul Ball, location: 2F
1-2: Strikes out swinging
Top of the 2nd over - 0 runs, 0 hits, 0 errors, 0 left on base; Fort Worth HS 0 - Randall HS 1
BOTTOM OF THE 2ND
Randall HS Raiders batting - Pitching for Fort Worth HS Turkeys : RHP Mark García
Batting: RHB Jesús Salazar 0-0: Called Strike
0-1: Swinging Strike
0-2: Fly out, F9 (Flyball, 9D)
Batting: RHB Brody Sexton 0-0: Foul Ball, location: 2F
0-1: Fly out, F9 (Flyball, 9S)
Batting: RHB Luis Sánchez 0-0: Swinging Strike
0-1: Foul Ball, location: 2F
0-2: Strikes out swinging
Bottom of the 2nd over - 0 runs, 0 hits, 0 errors, 0 left on base; Fort Worth HS 0 - Randall HS 1
TOP OF THE 3RD
Fort Worth HS Turkeys batting - Pitching for Randall HS Raiders : RHP Eric Hartley
Batting: RHB Cameron Harris 0-0: Swinging Strike
0-1: Ball
1-1: Ball
2-1: Foul Ball, location: 2F
2-2: Ball
3-2: Base on Balls
Batting: RHB Terry McRa 0-0: Ball
1-0: Foul Ball, location: 2F
1-1: Reached on error, E6 (Groundball, 6)
Cameron Harris to second
Batting: LHB Theodore Wilkerson 0-0: Ball
1-0: Foul Ball, location: 2F
1-1: SINGLE (Line Drive, 56D)
Cameron Harris to third
Terry McRa to second
Batting: LHB Francisco Madraso 0-0: Foul Ball, location: 2F
0-1: Ball
1-1: Foul Ball, location: 2F
1-2: Foul Ball, location: 2F
1-2: Ball
2-2: Ball
3-2: Fly out, F7 (Flyball, 7D)
Runner from 3rd tags up, SCORES, no throw
Batting: LHB Fernando García 0-0: Swinging Strike
0-1: Called Strike
0-2: Foul Ball, location: 2F
0-2: Ball
1-2: Foul Ball, location: 2F
1-2: Foul Ball, location: 2F
1-2: Grounds into double play, 6-4-3 (Groundball, 6M)
Top of the 3rd over - 1 run, 1 hit, 1 error, 1 left on base; Fort Worth HS 1 - Randall HS 1
BOTTOM OF THE 3RD
Randall HS Raiders batting - Pitching for Fort Worth HS Turkeys : RHP Mark García
Batting: LHB José Gonzáles 0-0: Ball
1-0: Foul Ball, location: 2F
1-1: Foul Ball, location: 2F
1-2: Ball
2-2: Strikes out swinging
Batting: LHB Buddy Jones 0-0: Called Strike
0-1: Fly out, F8 (Flyball, 8LM)
Batting: LHB Robert Wright 0-0: Called Strike
0-1: Swinging Strike
0-2: Foul Ball, location: 2F
0-2: Ball
1-2: Strikes out swinging
Bottom of the 3rd over - 0 runs, 0 hits, 0 errors, 0 left on base; Fort Worth HS 1 - Randall HS 1
TOP OF THE 4TH
Fort Worth HS Turkeys batting - Pitching for Randall HS Raiders : RHP Eric Hartley
Batting: RHB Tristan Vincent 0-0: Ball
1-0: Fly out, F3 (Popup, 3S)
Batting: RHB Denny Dennis 0-0: Called Strike
0-1: SINGLE (Groundball, 56D)
Batting: SHB Rick Cochran 0-0: Ball
1-0: Grounds out, U3 (Groundball, 3L)
Batting: RHB Mike Casey 0-0: Called Strike
0-1: Called Strike
0-2: Strikes out swinging
Top of the 4th over - 0 runs, 1 hit, 0 errors, 1 left on base; Fort Worth HS 1 - Randall HS 1
BOTTOM OF THE 4TH
Randall HS Raiders batting - Pitching for Fort Worth HS Turkeys : RHP Mark García
Batting: RHB John Zhu 0-0: Ball
1-0: Foul Ball, location: 2F
1-1: Ball
2-1: Called Strike
2-2: Ball
3-2: DOUBLE (Line Drive, 7LM)
Batting: RHB Tony Burhoe 0-0: Called Strike
0-1: Called Strike
0-2: Strikes out looking
Batting: RHB Cory Douglas 0-0: Ball
1-0: Called Strike
1-1: Ball
2-1: Ball
3-1: Base on Balls
Batting: RHB Jesús Salazar 0-0: Ball
1-0: Foul Ball, location: 2F
1-1: Ball
2-1: Ball
Passed Ball!
John Zhu to third
Cory Douglas to second
3-1: Base on Balls
Batting: RHB Brody Sexton 0-0: Foul Ball, location: 2F
0-1: Foul Ball, location: 2F
0-2: Ball
1-2: Foul Ball, location: 2F
1-2: Foul Ball, location: 2F
1-2: DOUBLE (Flyball, 78D)
John Zhu scores
Cory Douglas scores
Jesús Salazar to third
Batting: RHB Luis Sánchez 0-0: Called Strike
0-1: Foul Ball, location: 2F
0-2: Fly out, F7 (Flyball, 78D)
Runner from 3rd tags up, SCORES, throw made
Batting: LHB José Gonzáles 0-0: Ball
1-0: Ball
2-0: Foul Ball, location: 2F
2-1: Called Strike
2-2: Foul Ball, location: 2F
2-2: Ball
3-2: Foul Ball, location: 2F
3-2: Foul Ball, location: 2F
3-2: Strikes out swinging
Bottom of the 4th over - 3 runs, 2 hits, 0 errors, 1 left on base; Fort Worth HS 1 - Randall HS 4
TOP OF THE 5TH
Fort Worth HS Turkeys batting - Pitching for Randall HS Raiders : RHP Eric Hartley
Batting: RHB Cameron Harris 0-0: Called Strike
0-1: Ball
1-1: Called Strike
1-2: Ground out 6-3 (Groundball, 6)
Batting: RHB Terry McRa 0-0: Fly out, F9 (Flyball, 9)
Batting: LHB Theodore Wilkerson 0-0: Ground out 3-1 (Groundball, 2R)
Top of the 5th over - 0 runs, 0 hits, 0 errors, 0 left on base; Fort Worth HS 1 - Randall HS 4
BOTTOM OF THE 5TH
Randall HS Raiders batting - Pitching for Fort Worth HS Turkeys : RHP Mark García
Pitching: RHP Greg William
Batting: LHB Buddy Jones 0-0: Hit by Pitch
Batting: LHB Robert Wright Pickoff Throw to First - Out!
0-0: Ball
1-0: Foul Ball, location: 2F
1-1: Fly out, F3 (Flyball, 3D)
Batting: RHB John Zhu 0-0: Ball
1-0: Swinging Strike
1-1: Swinging Strike
1-2: Ball
2-2: Foul Ball, location: 2F
2-2: Foul Ball, location: 2F
2-2: Strikes out swinging
Bottom of the 5th over - 0 runs, 0 hits, 0 errors, 0 left on base; Fort Worth HS 1 - Randall HS 4
TOP OF THE 6TH
Fort Worth HS Turkeys batting - Pitching for Randall HS Raiders : RHP Eric Hartley
Batting: LHB Francisco Madraso 0-0: Ball
1-0: Ball
2-0: Ball
3-0: Called Strike
3-1: Base on Balls
Pitching: RHP Thomas Evans
Batting: LHB Fernando García 0-0: Ball
1-0: Foul Ball, location: 2F
1-1: Ball
2-1: Ball
3-1: Called Strike
3-2: Fly out, F7 (Flyball, 7)
Batting: RHB Tristan Vincent 0-0: Called Strike
0-1: Called Strike
0-2: Ball
Wild Pitch!
Francisco Madraso to second
1-2: Strikes out swinging
Batting: RHB Denny Dennis 0-0: Foul Ball, location: 2F
0-1: Swinging Strike
0-2: Ball
1-2: Strikes out swinging
Top of the 6th over - 0 runs, 0 hits, 0 errors, 1 left on base; Fort Worth HS 1 - Randall HS 4
BOTTOM OF THE 6TH
Randall HS Raiders batting - Pitching for Fort Worth HS Turkeys : RHP Greg William
Batting: RHB Tony Burhoe 0-0: Ball
1-0: Called Strike
1-1: Ball
2-1: Ball
3-1: Swinging Strike
3-2: Foul Ball, location: 2F
3-2: Base on Balls
Batting: RHB Cory Douglas 0-0: Ball
1-0: Foul Ball, location: 2F
1-1: Ball
2-1: Ball
3-1: Foul Ball, location: 2F
3-2: Foul Ball, location: 2F
3-2: Base on Balls
Tony Burhoe to second
Batting: RHB Jesús Salazar 0-0: Ball
1-0: Ball
2-0: Ball
3-0: Called Strike
3-1: Called Strike
3-2: Foul Ball, location: 2F
3-2: Base on Balls
Tony Burhoe to third
Cory Douglas to second
Batting: RHB Brody Sexton 0-0: Ball
1-0: Ball
2-0: Ball
3-0: Base on Balls
Tony Burhoe scores
Cory Douglas to third
Jesús Salazar to second
Batting: RHB Luis Sánchez 0-0: Ball
1-0: Called Strike
1-1: Foul Ball, location: 2F
1-2: Foul Ball, location: 2F
1-2: Ball
2-2: SINGLE (Line Drive, 6MD)
Cory Douglas scores
Jesús Salazar to third
Brody Sexton to second
Pitching: RHP Juan Reyes
Batting: LHB José Gonzáles 0-0: Ball
1-0: Foul Ball, location: 2F
1-1: Ball
2-1: SINGLE (Groundball, 4MD)
Jesús Salazar scores
Brody Sexton to third
Luis Sánchez to second
Batting: LHB Buddy Jones 0-0: Ball
1-0: Reached on error, E3 (Groundball, 3)
Brody Sexton scores
Luis Sánchez to third
José Gonzáles to second
Batting: LHB Robert Wright 0-0: Ball
1-0: Called Strike
1-1: Ball
2-1: Ball
3-1: Base on Balls
Luis Sánchez scores
José Gonzáles to third
Buddy Jones to second
Batting: RHB John Zhu 0-0: Ball
1-0: Called Strike
1-1: Ball
2-1: Ball
3-1: Called Strike
3-2: Fly out, F9 (Flyball, 9)
Runner from 3rd tags up, SCORES, throw made
Batting: RHB Tony Burhoe 0-0: Swinging Strike
0-1: Swinging Strike
0-2: Foul Ball, location: 2F
0-2: Foul Ball, location: 2F
0-2: Ball
1-2: Ball
2-2: Foul Ball, location: 2F
2-2: Strikes out swinging
Batting: RHB Cory Douglas 0-0: Fly out, F8 (Flyball, 8LD)
Bottom of the 6th over - 6 runs, 2 hits, 1 error, 2 left on base; Fort Worth HS 1 - Randall HS 10
TOP OF THE 7TH
Fort Worth HS Turkeys batting - Pitching for Randall HS Raiders : RHP Thomas Evans
Batting: SHB Rick Cochran 0-0: Reached on error, E5 (Groundball, 56S)
Batting: RHB Mike Casey 0-0: Called Strike
0-1: Ball
1-1: Ball
2-1: Ground out U3 (Groundball, 3S)
Rick Cochran to second
Batting: RHB Cameron Harris 0-0: Ball
1-0: Foul Ball, location: 2F
1-1: Foul Ball, location: 2F
1-2: Foul Ball, location: 2F
1-2: Foul Ball, location: 2F
1-2: Ball
2-2: Foul Ball, location: 2F
2-2: DOUBLE (Groundball, 5L)
Rick Cochran scores
Batting: RHB Terry McRa 0-0: Ball
1-0: Ball
2-0: Called Strike
2-1: Foul Ball, location: 2F
2-2: SINGLE (Groundball, 56D)
Cameron Harris to third
Runner from 3rd tries for Home, SAFE, throw made home
Batting: LHB Theodore Wilkerson 0-0: Ball
1-0: SINGLE (Flyball, 9LS)
Terry McRa to second
Runner from 2nd tries for 3rd, SAFE, throw made to third
Batting: LHB Francisco Madraso 0-0: Called Strike
0-1: Ball
1-1: Ball
2-1: Ball
3-1: Base on Balls
Theodore Wilkerson to second
Batting: LHB Fernando García 0-0: Fly out, F9 (Flyball, 9D)
Runner from 3rd tags up, OUT at HOME
Top of the 7th over - 2 runs, 3 hits, 1 error, 2 left on base; Fort Worth HS 3 - Randall HS 10
BOTTOM OF THE 7TH
Randall HS Raiders batting - Pitching for Fort Worth HS Turkeys : RHP Juan Reyes
Batting: RHB Jesús Salazar 0-0: Fly out, F9 (Flyball, 89M)
Batting: RHB Brody Sexton 0-0: Called Strike
0-1: Ball
1-1: Ball
2-1: Foul Ball, location: 2F
2-2: Ball
3-2: Base on Balls
Batting: RHB Luis Sánchez 0-0: Ball
1-0: Swinging Strike
1-1: Ball
2-1: Called Strike
2-2: Fly out, F7 (Flyball, 78M)
Batting: LHB José Gonzáles 0-0: Ball
1-0: DOUBLE (Line Drive, 9LM)
Brody Sexton to third
Runner from 3rd tries for Home, SAFE, no throw
Batting: LHB Buddy Jones 0-0: Foul Ball, location: 2F
0-1: Ball
1-1: Foul Ball, location: 2F
1-2: Ball
2-2: Foul Ball, location: 2F
2-2: Ball
3-2: SINGLE (Line Drive, 3D)
José Gonzáles to third
José Gonzáles scores
Batting: LHB Robert Wright 0-0: Ball
1-0: Called Strike
1-1: Foul Ball, location: 2F
1-2: Hit by Pitch
Buddy Jones to second
Batting: RHB John Zhu 0-0: Foul Ball, location: 2F
0-1: Swinging Strike
0-2: Ball
1-2: Ball
2-2: Foul Ball, location: 2F
2-2: Ball
3-2: Base on Balls
Buddy Jones to third
Robert Wright to second
Batting: RHB Tony Burhoe 0-0: Swinging Strike
0-1: Fly out, F9 (Flyball, 89D)
Bottom of the 7th over - 2 runs, 2 hits, 0 errors, 3 left on base; Fort Worth HS 3 - Randall HS 12
TOP OF THE 8TH
Fort Worth HS Turkeys batting - Pitching for Randall HS Raiders : RHP Thomas Evans
Batting: RHB Tristan Vincent 0-0: Ball
1-0: Ball
2-0: Swinging Strike
2-1: Swinging Strike
2-2: Ball
3-2: Strikes out swinging
Batting: RHB Denny Dennis 0-0: Called Strike
0-1: Ball
1-1: Swinging Strike
1-2: DOUBLE (Line Drive, 7LM)
Batting: SHB Rick Cochran 0-0: 2-RUN HOME RUN (Line Drive, 9LD), Distance : 364 ft
Batting: RHB Mike Casey 0-0: Ball
1-0: Ball
2-0: Foul Ball, location: 2F
2-1: Ground out 6-3 (Groundball, 56)
Batting: RHB Cameron Harris 0-0: SINGLE (Groundball, 56D)
Batting: RHB Terry McRa 0-0: Foul Ball, location: 2F
0-1: Called Strike
0-2: Ball
1-2: Ball
2-2: Foul Ball, location: 2F
2-2: Strikes out swinging
Top of the 8th over - 2 runs, 3 hits, 0 errors, 1 left on base; Fort Worth HS 5 - Randall HS 12
BOTTOM OF THE 8TH
Randall HS Raiders batting - Pitching for Fort Worth HS Turkeys : RHP Juan Reyes
Batting: RHB Cory Douglas 0-0: Called Strike
0-1: SINGLE (Line Drive, 89S)
Pitching: RHP Jim Carter
Batting: RHB Jesús Salazar 0-0: SINGLE (Flyball, 89M)
Cory Douglas to second
Runner from 2nd tries for 3rd, SAFE, throw made to third
Batting: RHB Brody Sexton 0-0: Ball
1-0: Foul Ball, location: 2F
1-1: Grounds into double play, 5-4-3 (Groundball, 56)
Cory Douglas scores
Batting: RHB Luis Sánchez 0-0: Ball
1-0: Ball
2-0: Called Strike
2-1: Called Strike
2-2: Strikes out swinging
Bottom of the 8th over - 1 run, 2 hits, 0 errors, 0 left on base; Fort Worth HS 5 - Randall HS 13
TOP OF THE 9TH
Fort Worth HS Turkeys batting - Pitching for Randall HS Raiders : RHP Thomas Evans
Batting: LHB Theodore Wilkerson 0-0: Ball
1-0: Called Strike
1-1: Ball
2-1: Called Strike
2-2: Ball
3-2: Strikes out swinging
Batting: LHB Francisco Madraso 0-0: Ball
1-0: Ball
2-0: Foul Ball, location: 2F
2-1: Ball
3-1: Base on Balls
Pitching: LHP Stanley Matthews
Batting: LHB Fernando García 0-0: 2-RUN HOME RUN (Flyball, 89XD), Distance : 409 ft
Batting: RHB Tristan Vincent 0-0: Swinging Strike
0-1: Foul Ball, location: 2F
0-2: Strikes out looking
Batting: RHB Denny Dennis 0-0: Ball
1-0: Called Strike
1-1: Foul Ball, location: 2F
1-2: Foul Ball, location: 2F
1-2: Ball
2-2: Strikes out swinging
Top of the 9th over - 2 runs, 1 hit, 0 errors, 0 left on base; Fort Worth HS 7 - Randall HS 13
Saturday, December 16th, 2017 - OOTP Baseball 18.8 Build 76